Map: Thunderbird LE

Players

Neuro - Winner!

  • Race: Zerg Zerg
  • League: Grandmaster
  • Spawn Location: 5:00

IIIIIIIIIIII

  • Race: Terran Terran
  • Spawn Location: 11:00

VOD

Have the link to the VOD?

Description

Time

  • Played on: June 8, 2019, 8:54 p.m.
  • Length: 8:32
Show
View Real Time Build Order
Export as new Build Order

Neuro Zerg - Winner!

Build Orders: Hatch First 

Get SALT Encoding   

  12  0:01  Drone  
  13  0:13  Overlord  
  13  0:17  Drone  
  14  0:31  Drone x2  
  16  0:49  Hatchery  
  15  0:51  Drone  
  15  0:56  Drone  
  17  0:59  Drone  
  18  1:09  Extractor  
  17  1:14  Spawning Pool  
  17  1:17  Drone  
  17  1:20  Drone  
  18  1:29  Drone  
  19  1:41  Overlord  
  19  2:01  Queen  
  19  2:02  Queen  
  19  2:03  Zergling x6  
  26  2:09  Metabolic Boost  
  26  2:15  Drone x2  
  28  2:32  Hatchery  
  28  2:33  Drone  
  27  2:46  Drone x3  
  27  2:49  Overlord  
  30  2:58  Queen  
  29  3:03  Overlord  
  31  3:09  Queen  
  31  3:10  Zergling x2  
  33  3:15  Zergling x2  
  34  3:20  Zergling x4  
  34  3:28  Zergling x6  
  34  3:31  Zergling x2  
  38  3:39  Zergling x6  
  41  3:48  Zergling x6  
  44  3:55  Zergling x6  
  44  3:56  Zergling x2  
  44  3:59  Drone  
  44  4:02  Zergling x2  
  45  4:27  Zergling x18  
  49  4:36  Zergling x8  
  53  4:49  Drone x3  
  53  4:52  Drone  
  57  4:57  Drone  
  58  5:01  Overlord x2  
  57  5:20  Drone x6  
  57  5:21  Drone  
  65  5:35  Drone x5  
  65  5:36  Drone x2  
  65  5:38  Extractor  
  65  5:40  Roach Warren  
  69  5:46  Drone x5  
  73  5:56  Drone x3  
  74  6:00  Overlord x2  
  74  6:01  Overlord  
  73  6:05  Extractor  
  73  6:08  Overlord x3  
  70  6:21  Overlord  
  70  6:22  Roach x5  
  79  6:30  Zergling x6, Queen  
  84  6:36  Zergling x8  
  84  6:51  Ravager x3  
  86  7:00  Zergling x18  
  90  7:05  Zergling x12  
  89  7:12  Ravager  
  89  7:13  Zergling x4  
  85  7:18  Zergling x10  
  89  7:26  Zergling x2  
  89  7:29  Roach x2  
  92  7:39  Drone x5  
  97  7:47  Roach x4  
  105  7:53  Roach x5  
  113  8:03  Roach x3  
  116  8:07  Zergling x2  
Show
View Real Time Build Order
Export as new Build Order

IIIIIIIIIIII Terran 

Build Orders:  

Get SALT Encoding   

  12  0:01  SCV  
  13  0:13  SCV  
  14  0:19  Supply Depot  
  14  0:25  SCV  
  15  0:41  SCV, Barracks  
  16  0:44  Refinery  
  16  0:53  SCV  
  17  1:02  Barracks  
  17  1:05  SCV  
  18  1:12  Refinery  
  18  1:17  SCV  
  19  1:26  Barracks  
  19  1:30  Reaper  
  20  1:43  Orbital Command  
  20  1:49  Reaper  
  21  1:57  Supply Depot  
  21  2:02  Reaper  
  22  2:09  SCV  
  23  2:19  Reaper  
  23  2:21  SCV, Reaper  
  26  2:36  Reaper  
  27  2:51  Supply Depot, Reaper  
  28  2:54  Command Center  
  28  2:56  Reaper  
  30  2:58  SCV  
  30  3:08  Reaper  
  31  3:15  SCV  
  32  3:23  Reaper  
  33  3:27  SCV  
  33  3:28  Reaper  
  33  3:30  Barracks  
  35  3:34  Engineering Bay  
  35  3:39  SCV  
  35  3:40  Reaper  
  37  3:44  Supply Depot  
  37  3:54  SCV  
  38  3:58  Reaper  
  38  4:02  Terran Infantry Weapons Level 1  
  39  4:06  Reaper  
  40  4:12  SCV  
  41  4:18  Reaper x2  
  43  4:27  SCV  
  43  4:31  Reaper  
  40  4:36  Orbital Command  
  36  4:39  SCV  
  36  4:45  Reaper  
  36  4:49  Barracks  
  36  4:50  Reaper  
  36  4:51  SCV, Refinery  
  38  4:53  Reaper  
  39  5:03  SCV  
  39  5:05  Reaper  
  39  5:06  SCV  
  42  5:15  SCV, Supply Depot  
  42  5:17  Reaper  
  42  5:18  SCV  
  45  5:22  Reaper, Refinery  
  45  5:27  SCV, Reaper  
  48  5:31  SCV  
  49  5:36  Reaper  
  49  5:39  SCV, Reaper  
  52  5:43  SCV  
  52  5:44  Command Center  
  53  5:51  SCV  
  53  5:55  SCV  
  53  5:56  Reaper x2  
  56  5:59  Reaper  
  56  6:03  SCV  
  58  6:07  SCV  
  58  6:08  Reaper  
  60  6:13  Terran Infantry Armor Level 1  
  60  6:16  SCV  
  61  6:20  SCV  
  61  6:21  Reaper  
  63  6:28  SCV, Reaper  
  63  6:30  Barracks  
  63  6:31  Reaper, Barracks  
  67  6:34  SCV  
  67  6:35  Supply Depot  
  68  6:46  SCV, Reaper  
  70  6:51  SCV, Barracks Tech Lab  
  70  6:52  Factory  
  70  6:56  Reaper  
  63  7:10  SCV  
  63  7:11  Reaper  
  63  7:19  SCV  
  65  7:29  SCV  
  63  7:31  Orbital Command  
  63  7:32  Reaper x2  
  60  7:41  Barracks Reactor x2, Factory Tech Lab  
  60  7:43  Reaper, Factory  
  58  7:44  Command Center  
  58  7:45  Starport  
  58  7:47  SCV  
  58  7:53  Reaper  
  58  7:55  Barracks Tech Lab  
Tags
 
Add a new tag
Caveats
  • Supply blocks, unpowered buildings, or Contaminate may cause inaccurate times.
  • Supply counts are checked every 10 seconds.